 Dungeon Crawl Stone Soup version 0.23-a0-422-g30b1108 (webtiles) character file.

71 Inarius the Skirmisher (level 4, -2/37 (38) HPs)
             Began as a Ghoul Fighter on Nov 14, 2018.
             Slain by an orc warrior
             ... wielding a +0 long sword
              (11 damage)
             ... on level 2 of the Dungeon.
             The game lasted 00:03:01 (1966 turns).

Inarius the Skirmisher (Ghoul Fighter)              Turns: 1966, Time: 00:03:01

HP:   -2/37 (38)    AC:  6    Str: 19    XL:     4   Next: 24%
MP:   3/3           EV:  7    Int:  4    God:
Gold: 126           SH:  8    Dex:  8    Spells: 3/3 levels left

rFire    . . .     SeeInvis .   a - +0 war axe
rCold    + . .     Gourm    .   c - +0 shield
rNeg     + + +     Faith    .   b - +0 scale mail
rPois    ∞         Spirit   .   (no helmet)
rElec    .         Reflect  .   (no cloak)
rCorr    .         Harm     .   (no gloves)
MR       .....                  (no boots)
Stlth    ..........             (no amulet)
HPRegen  0.00/turn              (no ring)
MPRegen  0.08/turn              (no ring)

@: rotting
A: rotting body, claws 1, carnivore, cold resistance 1, negative energy
resistance 3, inhibited regeneration, torment resistance, unbreathing
a: no special abilities


You were on level 2 of the Dungeon.
You were not hungry.

You visited 1 branch of the dungeon, and saw 3 of its levels.

You collected 126 gold pieces.

Inventory:

Hand Weapons
 a - a +0 war axe (weapon)
 m - a +0 dagger of venom
Armour
 b - a +0 scale mail (worn)
 c - a +0 shield (worn)
Jewellery
 e - a +4 ring of intelligence {unknown}
 p - an uncursed amulet of guardian spirit {unknown}
Scrolls
 h - a scroll of fog {unknown}
 i - 4 scrolls of identify {unknown}
 k - a scroll of enchant armour {unknown}
 l - a scroll of magic mapping {unknown}
 n - a scroll of enchant weapon {unknown}
 r - a scroll of teleportation {unknown}
Potions
 g - a potion of cancellation {unknown}
 j - a potion of curing {unknown}
 o - a potion of brilliance {unknown}
 s - a potion of degeneration {unknown}
 t - a potion of lignification {unknown}
Comestibles
 f - 6 rations


   Skills:
 + Level 3.5 Fighting
 * Level 2.8 Axes
 + Level 3.1 Armour
 + Level 0.1 Stealth
 + Level 3.2 Shields


You had 3 spell levels left.
You didn't know any spells.
Your spell library was empty.

Dungeon Overview and Level Annotations

Branches:
Dungeon (3/15)

Altars:
Ashenzari
Cheibriados
Gozag
Qazlal
Wu Jian


Innate Abilities, Weirdness & Mutations

Your body is rotting away.
You thrive on raw meat.
You are immune to poison.
You have sharp fingernails.
You are carnivorous and can eat meat at any time.
Your flesh is cold resistant. (rC+)
You are immune to negative energy. (rN+++)
You do not regenerate when monsters are visible.
You are immune to unholy pain and torment.
You can survive without breathing.


Message History

The orc warrior completely misses you.
You closely miss the orc warrior.
The orc warrior is moderately wounded.
The orc warrior hits you with a +0 long sword!
* * * LOW HITPOINT WARNING * * *
The orc warrior hits you but does no damage.
You hit the orc warrior.
The orc warrior is heavily wounded.
The orc warrior barely misses you.
You closely miss the orc warrior.
The orc warrior is heavily wounded.
You block the orc warrior's attack.
Your shield and scale mail prevent you from hitting the orc warrior.
The orc warrior is heavily wounded.
The orc warrior barely misses you.
You hit the orc warrior but do no damage.
The orc warrior is heavily wounded.
The orc warrior hits you but does no damage.
The orc warrior hits you with a +0 long sword!
You die...

...# .#.### .#...# .###.#
.###.#############
..............>..###
.###.#.............#
.###.#.........o...#
.#...#..........@..##########
.#.#.#......................#
.....########...............#
..#.........................#
................<...........#
..#>........................#
###.........................#
............................#
.###....#<######............#


You could see an orc warrior.

Vanquished Creatures
  Natasha (D:2)
  An adder (D:3)
  2 worms (D:2)
  2 dart slugs
  A leopard gecko (D:1)
  A ball python (D:1)
  A giant cockroach (D:2)
  4 goblins (D:1)
  2 hobgoblins
  A jackal (D:2)
  A quokka (D:2)
  3 bats
  3 frilled lizards
  2 kobolds (D:2)
  A rat (D:2)
26 creatures vanquished.

Notes
Turn   | Place    | Note
-------+----------+-------------------------------------------
     0 | D:1      | Inarius the Ghoul Fighter began the quest for the Orb.
     0 | D:1      | Reached XP level 1. HP: 19/19 MP: 0/0
   492 | D:1      | Reached XP level 2. HP: 19/26 MP: 1/1
  1043 | D:2      | Reached XP level 3. HP: 31/31 MP: 2/2
  1047 | D:2      | Found a snail-covered altar of Cheibriados.
  1051 | D:2      | Found an ornate altar of the Wu Jian Council.
  1051 | D:2      | Found a stormy altar of Qazlal.
  1052 | D:2      | Found a shattered altar of Ashenzari.
  1055 | D:2      | Found an opulent altar of Gozag.
  1415 | D:3      | Noticed Natasha
  1428 | D:2      | Killed Natasha
  1428 | D:2      | Reached XP level 4. HP: 15/37 MP: 3/3
  1861 | D:3      | Noticed an orc warrior
  1966 | D:2      | Slain by an orc warrior

Vault maps used:
D:1:      evilmike_arrival_hilbert_curve
D:2:      minitemple
D:3:      nicolae_dithmenos_shadow_blocks, first_ration, uniq_natasha

Skill      XL: |  1  2 |
---------------+-------+-----
Axes           | 2 |  2.8
Shields        | 3 |  3.2
Armour         | 3 |  3.1
Fighting       | |  3.5
Stealth        | |  0.1

Action                   |  1- 3 |  4- 6 || total
-------------------------+-------+-------++-------
Melee: War axe           |    96 |    34 ||   130
  Use: Potion            |       |     1 ||     1
  Eat: Chunk             |    16 |     2 ||    18
Armor: Scale mail        |    44 |    25 ||    69
Dodge: Dodged            |    28 |    16 ||    44
Block: Shield            |    51 |    25 ||    76

Table legend:
 A = Non-vault XP
 B = Vault XP
 C = Vault XP percentage of total XP
 D = Non-vault monster count
 E = Vault monster count
 F = Vault count percentage of total count
                 A         B        C        D         E       F
            +---------+---------+-------+---------+---------+-------
      Total |      67 |      35 |  34.3 |      25 |       1 |   3.8
            +---------+---------+-------+---------+---------+-------
        D:1 |      21 |       0 |   0.0 |      10 |       0 |   0.0
        D:2 |      31 |      35 |  53.0 |      13 |       1 |   7.1
        D:3 |      15 |       0 |   0.0 |       2 |       0 |   0.0
            +---------+---------+-------+---------+---------+-------
